3AAA
SCRANTON SUPERNOVAS @ ALASKAN HUMPBACKS
06/10/2022
 
TOP OF THE 1ST
Scranton Supernovas batting - Pitching for Alaskan Humpbacks : RHP Jim Unknown
Pitching: RHP Jim Unknown
Batting: RHB Keith MacKey 0-0: Ball
1-0: Called Strike
1-1: Ball
2-1: Called Strike
2-2: SINGLE (Line Drive, 9S)
Batting: RHB Josh Stafford 0-0: Called Strike
0-1: Ball
1-1: Swinging Strike
1-2: Ball
2-2: SINGLE (Groundball, 6MD) (infield hit)
Keith MacKey to second
Batting: RHB Jerome Wilson 0-0: Ball
1-0: Ball
2-0: Ball
3-0: Called Strike
3-1: Base on Balls
Keith MacKey to third
Josh Stafford to second
Batting: LHB Héctor Torres 0-0: Ball
1-0: Called Strike
1-1: Ball
2-1: Called Strike
2-2: Fly out, F9 (Flyball, 9S)
Batting: RHB Jesús Rodríguez 0-0: Swinging Strike
0-1: Foul Ball, location: 2F
0-2: Ball
1-2: Ball
2-2: Ball
3-2: Foul Ball, location: 2F
3-2: DOUBLE (Flyball, 89XD)
Keith MacKey scores
Josh Stafford scores
Jerome Wilson to third
Runner from 3rd tries for Home, SAFE, throw made home
Batting: RHB Lance Davis 0-0: Swinging Strike
0-1: Swinging Strike
0-2: Ball
1-2: Fly out, F7 (Line Drive, 7LM)
Batting: RHB Patrizio Vanali 0-0: Ball
1-0: Foul Ball, location: 2F
1-1: Ball
2-1: Ball
3-1: Base on Balls
Batting: RHB Stephen Blair 0-0: Ball
1-0: Ball
2-0: Called Strike
2-1: Called Strike
2-2: Ground out 5-3 (Groundball, 56S)
Top of the 1st over - 3 run(s), 3 hit(s), 0 error(s), 2 left on base; Scranton 3 - Alaskan 0
BOTTOM OF THE 1ST
Alaskan Humpbacks batting - Pitching for Scranton Supernovas : RHP Victor Brey
Pitching: RHP Victor Brey
Batting: RHB Joe Craig 0-0: Ball
1-0: Ball
2-0: Ball
3-0: Base on Balls
Batting: RHB Juan Tapia 0-0: Called Strike
0-1: Ball
1-1: Fly out, F9 (Flyball, 9M)
Batting: RHB Andrew Rowland 0-0: Swinging Strike
0-1: Hit by Pitch
Joe Craig to second
Batting: RHB Fernando Camacho 0-0: Ball
1-0: DOUBLE (Line Drive, 7D)
Joe Craig scores
Andrew Rowland to third
Batting: RHB Jim Unknown 0-0: Ball
1-0: SINGLE (Line Drive, 56D)
Andrew Rowland scores
Fernando Camacho to third
Runner from 3rd tries for Home, SAFE, throw made home
Jim Unknown to second
Batting: SHB Mike Carter 0-0: Foul Ball, location: 2F
0-1: Called Strike
0-2: Ball
1-2: Ball
2-2: Ball
Wild Pitch!
Jim Unknown to third
3-2: Foul Ball, location: 2F
3-2: Foul Ball, location: 2F
3-2: SINGLE (Flyball, 5D)
Jim Unknown scores
Batting: RHB Orlando Jiménez 0-0: Ball
1-0: Foul Ball, location: 2F
1-1: Foul Ball, location: 2F
1-2: Foul Ball, location: 2F
1-2: Ball
2-2: SINGLE (Line Drive, 34D)
Mike Carter to second
Batting: SHB Josef Koper 0-0: Called Strike
0-1: Fielders Choice at 2nd, 4-6 (Groundball, 34)
Mike Carter to third
Batting: RHB Juan García 0-0: Ball
1-0: Ball
2-0: Fly out, F7 (Flyball, 7LM)
Bottom of the 1st over - 4 run(s), 4 hit(s), 0 error(s), 2 left on base; Scranton 3 - Alaskan 4
TOP OF THE 2ND
Scranton Supernovas batting - Pitching for Alaskan Humpbacks : RHP Jim Unknown
Batting: RHB Brad Jacobson 0-0: Swinging Strike
0-1: Ground out 5-3 (Groundball, 6)
Batting: RHB Keith MacKey 0-0: Ball
1-0: Foul Ball, location: 2F
1-1: Ball
2-1: Ground out 1-3 (Groundball, 25)
Batting: RHB Josh Stafford 0-0: Called Strike
0-1: Called Strike
0-2: Fly out, F8 (Flyball, 78XD)
Top of the 2nd over - 0 run(s), 0 hit(s), 0 error(s), 0 left on base; Scranton 3 - Alaskan 4
BOTTOM OF THE 2ND
Alaskan Humpbacks batting - Pitching for Scranton Supernovas : RHP Victor Brey
Batting: RHB Joe Craig 0-0: Foul Ball, location: 2F
0-1: Ball
1-1: Swinging Strike
1-2: Ball
2-2: Strikes out swinging
Batting: RHB Juan Tapia 0-0: Ball
1-0: Swinging Strike
1-1: Called Strike
1-2: Ball
2-2: Strikes out swinging
Batting: RHB Andrew Rowland 0-0: Ball
1-0: Ball
2-0: Ground out 4-3 (Groundball, 4)
Bottom of the 2nd over - 0 run(s), 0 hit(s), 0 error(s), 0 left on base; Scranton 3 - Alaskan 4
TOP OF THE 3RD
Scranton Supernovas batting - Pitching for Alaskan Humpbacks : RHP Jim Unknown
Batting: RHB Jerome Wilson 0-0: Called Strike
0-1: Ball
1-1: Ground out 5-3 (Groundball, 56)
Batting: LHB Héctor Torres 0-0: Called Strike
0-1: Called Strike
0-2: Ball
1-2: Foul Ball, location: 2F
1-2: Ball
2-2: DOUBLE (Flyball, 89D)
Batting: RHB Jesús Rodríguez 0-0: Swinging Strike
0-1: Ball
1-1: Called Strike
1-2: Ball
2-2: Ball
3-2: Foul Ball, location: 2F
3-2: Ground out 6-3 (Groundball, 6)
Batting: RHB Lance Davis 0-0: Swinging Strike
0-1: Foul Ball, location: 2F
0-2: Strikes out swinging
Top of the 3rd over - 0 run(s), 1 hit(s), 0 error(s), 1 left on base; Scranton 3 - Alaskan 4
BOTTOM OF THE 3RD
Alaskan Humpbacks batting - Pitching for Scranton Supernovas : RHP Victor Brey
Batting: RHB Fernando Camacho 0-0: Ball
1-0: Fly out, F8 (Flyball, 89D)
Batting: RHB Jim Unknown 0-0: Ball
1-0: Foul Ball, location: 2F
1-1: Swinging Strike
1-2: Foul Ball, location: 2F
1-2: Ground out 5-3 (Groundball, 56)
Batting: SHB Mike Carter 0-0: Swinging Strike
0-1: Reached on Error, E6 (Popup, 6)
Batting: RHB Orlando Jiménez 0-0: Swinging Strike
0-1: Ball
1-1: Ball
2-1: Ground out U3 (Groundball, 3S)
Bottom of the 3rd over - 0 run(s), 0 hit(s), 1 error(s), 1 left on base; Scranton 3 - Alaskan 4
TOP OF THE 4TH
Scranton Supernovas batting - Pitching for Alaskan Humpbacks : RHP Jim Unknown
Batting: RHB Patrizio Vanali 0-0: Ball
1-0: Called Strike
1-1: Foul Ball, location: 2F
1-2: Ground out 6-3 (Groundball, 6)
Batting: RHB Stephen Blair 0-0: Ball
1-0: Ball
2-0: Ball
3-0: Called Strike
3-1: Fly out, F6 (Popup, 6M)
Batting: RHB Brad Jacobson 0-0: Called Strike
0-1: Ball
1-1: Ground out 6-3 (Groundball, 6)
Top of the 4th over - 0 run(s), 0 hit(s), 0 error(s), 0 left on base; Scranton 3 - Alaskan 4
BOTTOM OF THE 4TH
Alaskan Humpbacks batting - Pitching for Scranton Supernovas : RHP Victor Brey
Batting: SHB Josef Koper 0-0: SINGLE (Line Drive, 6MD)
Batting: RHB Juan García 0-0: Ball
1-0: Ball
2-0: Called Strike
2-1: Ball
3-1: Foul Ball, location: 2F
3-2: DOUBLE (Line Drive, 7LS)
Josef Koper to third
Pinch Runner at 2nd Dave O'Day:
Batting: RHB Joe Craig 0-0: Called Strike
0-1: Called Strike
0-2: Foul Ball, location: 2F
0-2: Foul Ball, location: 2F
0-2: Fly out, F8 (Line Drive, 8LS)
Batting: RHB Juan Tapia 0-0: Ball
1-0: Ball
2-0: Called Strike
2-1: Foul Ball, location: 2F
2-2: Foul Ball, location: 2F
2-2: Foul Ball, location: 2F
2-2: Fly out, F8 (Flyball, 89D)
Runner from 3rd tags up, SCORES, no throw
Batting: RHB Andrew Rowland 0-0: Ground out 5-3 (Groundball, 5S)
Bottom of the 4th over - 1 run(s), 2 hit(s), 0 error(s), 1 left on base; Scranton 3 - Alaskan 5
TOP OF THE 5TH
Scranton Supernovas batting - Pitching for Alaskan Humpbacks : RHP Jim Unknown
Batting: RHB Keith MacKey 0-0: Ball
SINGLE, but batter called out on appeal for missing first base!
Batting: RHB Josh Stafford 0-0: Ball
1-0: Ball
2-0: Ball
3-0: Called Strike
3-1: Base on Balls
Batting: RHB Jerome Wilson 0-0: Ball
Josh Stafford is caught stealing 2nd base
1-0: Ball
2-0: SINGLE (Groundball, 56)
Batting: LHB Héctor Torres 0-0: Called Strike
Jerome Wilson steals 2nd base
0-1: Foul Ball, location: 2F
0-2: Ball
1-2: Foul Ball, location: 2F
1-2: Ground out U3 (Groundball, 3S)
Top of the 5th over - 0 run(s), 1 hit(s), 0 error(s), 1 left on base; Scranton 3 - Alaskan 5
BOTTOM OF THE 5TH
Alaskan Humpbacks batting - Pitching for Scranton Supernovas : RHP Victor Brey
Batting: RHB Fernando Camacho 0-0: Ball
1-0: Ball
2-0: Fly out, F5 (Line Drive, 5)
Batting: RHB Jim Unknown 0-0: Ball
1-0: Called Strike
1-1: SINGLE (Line Drive, 34D)
Batting: SHB Mike Carter 0-0: Ball
1-0: SINGLE (Line Drive, 4M)
Jim Unknown to second
Batting: RHB Orlando Jiménez 0-0: Called Strike
0-1: Ball
1-1: Fly out, F9 (Line Drive, 9M)
Batting: SHB Josef Koper 0-0: Called Strike
0-1: Ball
1-1: Ball
2-1: Ground out 4-3 (Groundball, 4)
Bottom of the 5th over - 0 run(s), 2 hit(s), 0 error(s), 2 left on base; Scranton 3 - Alaskan 5
TOP OF THE 6TH
Scranton Supernovas batting - Pitching for Alaskan Humpbacks : RHP Jim Unknown
Batting: RHB Jesús Rodríguez 0-0: Ball
1-0: Ball
2-0: Ball
3-0: Base on Balls
Pitching: RHP Floyd MacFadden
Batting: RHB Lance Davis 0-0: Ball
1-0: Sac Bunt - play at first, batter OUT! 5-4
Jesús Rodríguez to second
Batting: RHB Patrizio Vanali 0-0: Ball
1-0: Ball
2-0: Called Strike
2-1: Ball
3-1: Called Strike
3-2: Base on Balls
Batting: RHB Stephen Blair 0-0: Foul Ball, location: 2F
0-1: Ball
1-1: Ball
2-1: Fly out, F6 (Popup, 6MD)
Batting: RHB Brad Jacobson 0-0: Called Strike
0-1: Called Strike
0-2: Ball
1-2: Strikes out looking
Top of the 6th over - 0 run(s), 0 hit(s), 0 error(s), 2 left on base; Scranton 3 - Alaskan 5
BOTTOM OF THE 6TH
Alaskan Humpbacks batting - Pitching for Scranton Supernovas : RHP Victor Brey
Batting: RHB Dave O'Day 0-0: Ball
1-0: SINGLE (Groundball, 34D)
Pitching: RHP Dan Riggs
Batting: RHB Joe Craig 0-0: Ball
1-0: Bunted foul
1-1: Bunted foul
1-2: Ground out 5-3 (Groundball, 5S)
Dave O'Day to second
Batting: RHB Juan Tapia 0-0: Intentional Walk
Batting: RHB Andrew Rowland 0-0: Foul Ball, location: 2F
0-1: Called Strike
0-2: Foul Ball, location: 2F
0-2: Ball
1-2: Foul Ball, location: 2F
1-2: Strikes out looking
Batting: RHB Fernando Camacho 0-0: Ball
1-0: SINGLE (Groundball, 3)
Dave O'Day to third
Juan Tapia to second
Runner from 3rd tries for Home, SAFE, throw made home
Batting: RHB Jim Unknown 0-0: Swinging Strike
0-1: Foul Ball, location: 2F
0-2: Ball
1-2: Strikes out swinging
Bottom of the 6th over - 1 run(s), 2 hit(s), 0 error(s), 2 left on base; Scranton 3 - Alaskan 6
TOP OF THE 7TH
Scranton Supernovas batting - Pitching for Alaskan Humpbacks : RHP Floyd MacFadden
Batting: RHB Keith MacKey 0-0: Foul Ball, location: 2F
0-1: Ball
1-1: Ball
2-1: Ball
3-1: Foul Ball, location: 2F
3-2: Foul Ball, location: 2F
3-2: Base on Balls
Batting: RHB Josh Stafford 0-0: Called Strike
0-1: Called Strike
0-2: Strikes out swinging
Batting: RHB Jerome Wilson 0-0: Called Strike
0-1: Foul Ball, location: 2F
0-2: Ball
1-2: Fly out, F8 (Line Drive, 8LM)
Batting: LHB Héctor Torres 0-0: Ball
1-0: Ball
2-0: Foul Ball, location: 2F
2-1: Called Strike
Keith MacKey steals 2nd base
2-2: 2-RUN HOME RUN (Flyball, 89XD), Distance : 415 ft
Batting: RHB Jesús Rodríguez 0-0: Swinging Strike
0-1: Ball
1-1: Ground out 6-3 (Groundball, 6)
Top of the 7th over - 2 run(s), 1 hit(s), 0 error(s), 0 left on base; Scranton 5 - Alaskan 6
BOTTOM OF THE 7TH
Alaskan Humpbacks batting - Pitching for Scranton Supernovas : RHP Dan Riggs
Batting: SHB Mike Carter 0-0: Called Strike
0-1: Swinging Strike
0-2: Ball
1-2: Ball
2-2: Ground out 4-3 (Groundball, 4M)
Batting: RHB Orlando Jiménez 0-0: SINGLE (Flyball, 9S)
Pinch Hitting: SHB Al Anderson 0-0: Ball
1-0: Ball
2-0: Called Strike
2-1: Ball
3-1: Fly out, F4 (Flyball, 8RS)
Batting: RHB Dave O'Day 0-0: Ball
1-0: Ball
2-0: Called Strike
2-1: Ball
3-1: Base on Balls
Orlando Jiménez to second
Batting: RHB Joe Craig 0-0: Ball
1-0: Foul Ball, location: 2F
1-1: Ball
2-1: Ball
3-1: Base on Balls
Orlando Jiménez to third
Dave O'Day to second
Pitching: RHP Ray Gordon
Batting: RHB Juan Tapia 0-0: Foul Ball, location: 2F
0-1: Foul Ball, location: 2F
0-2: Foul Ball, location: 2F
0-2: Ball
1-2: Ball
2-2: Strikes out looking
Bottom of the 7th over - 0 run(s), 1 hit(s), 0 error(s), 3 left on base; Scranton 5 - Alaskan 6
TOP OF THE 8TH
Scranton Supernovas batting - Pitching for Alaskan Humpbacks : RHP Floyd MacFadden
Pitching: RHP Christian Patrick
Now in RF: Jared Smith
Batting: RHB Lance Davis 0-0: Swinging Strike
0-1: Foul Ball, location: 2F
0-2: Ball
1-2: Ball
2-2: Ball
3-2: Base on Balls
Batting: RHB Patrizio Vanali 0-0: Sac Bunt - play at first, batter OUT! 1-4
Lance Davis to second
Pinch Hitting: SHB Neil Nash 0-0: Called Strike
0-1: Ball
1-1: Ball
2-1: Ground out 3-1 (Groundball, 34)
Lance Davis to third
Batting: RHB Brad Jacobson 0-0: Ball
1-0: Called Strike
1-1: Called Strike
1-2: Ball
2-2: Ball
3-2: Foul Ball, location: 2F
3-2: Fly out, F6 (Line Drive, 6)
Top of the 8th over - 0 run(s), 0 hit(s), 0 error(s), 1 left on base; Scranton 5 - Alaskan 6
BOTTOM OF THE 8TH
Alaskan Humpbacks batting - Pitching for Scranton Supernovas : RHP Ray Gordon
Now in LF: Jim Unknown
Batting: RHB Andrew Rowland 0-0: Ball
1-0: Foul Ball, location: 2F
1-1: Ball
2-1: Ball
3-1: Called Strike
3-2: Foul Ball, location: 2F
3-2: Strikes out swinging
Batting: RHB Fernando Camacho 0-0: Called Strike
0-1: Swinging Strike
0-2: Ball
1-2: Ground out 5-3 (Groundball, 5L)
Batting: RHB Jim Unknown 0-0: Ball
1-0: Fly out, F8 (Flyball, 8LM)
Bottom of the 8th over - 0 run(s), 0 hit(s), 0 error(s), 0 left on base; Scranton 5 - Alaskan 6
TOP OF THE 9TH
Scranton Supernovas batting - Pitching for Alaskan Humpbacks : RHP Christian Patrick
Pitching: RHP Jim Unknown
Pinch Hitting: RHB Ethan Stanford 0-0: Ball
1-0: Ball
2-0: Called Strike
2-1: Ground out 4-3 (Groundball, 4S)
Batting: RHB Josh Stafford 0-0: Ball
1-0: Foul Ball, location: 2F
1-1: Ground out 5-3 (Groundball, 56)
Batting: RHB Jerome Wilson 0-0: Ball
1-0: Swinging Strike
1-1: Called Strike
1-2: Strikes out swinging
Top of the 9th over - 0 run(s), 0 hit(s), 0 error(s), 0 left on base; Scranton 5 - Alaskan 6
This league is powered by Out of the Park Baseball, the baseball management simulation game for PC, Mac and Linux
Friday, April 15th, 2016 - OOTP Baseball 16.9 Build 39